AoeStats
← Aux Anschluss

Arena

510742127Analyzed
2v2 RM · 18h ago on Oct 2, 2026· 71m 28s· 4 players
Game mode
Random Map
Map size
Medium (4 player)
Population
200
Speed
Normal
Resources
Standard
Victory
Conquest
Starting age
Dark Age
Ending age
Imperial Age
RankedLock teamsTeams togetherTeam positionsShared explorationLock speedFull tech treeHidden civsTurbo modeCheats
Victory
Defeat
🇹🇼 Spanish · Taiwan
905
+13
🇬🇧 Celts · United Kingdom
872
+14
🇦🇹 Japanese · Austria
841
-14
🇦🇹 Italians · Austria
832
-13
Struan
0:28 Loom
10:09 Feudal Age
10:40 Double-Bit Axe
12:13 Town Watch
13:03 Horse Collar
19:35 Castle Age
18:52 Scale Mail Armor
19:04 Forging
19:17 Man-at-Arms
19:45 Arson
20:15 Gambesons
20:48 Bow Saw
20:46 Long Swordsman
22:53 Chain Mail Armor
25:27 Gold Mining
25:30 Stone Mining
27:13 Fletching
28:34 Padded Archer Armor
28:30 Bodkin Arrow
29:31 Crossbowman
33:46 Ballistics
34:37 Town Patrol
38:23 Imperial Age
36:32 Wheelbarrow
36:45 Masonry
39:16 Gold Shaft Mining
38:55 Capped Ram
40:45 Plate Mail Armor
39:52 Two-Handed Swordsman
42:07 Leather Archer Armor
42:28 Iron Casting
44:06 Furor Celtica
43:49 Stronghold
46:10 Ring Archer Armor
46:41 Blast Furnace
46:36 Onager
47:48 Hand Cart
48:14 Scale Barding Armor
48:24 Cavalier
49:35 Conscription
49:46 Husbandry
57:58 Heavy Mounted Crossbowman
64:30 Light Cavalry
67:26 Hussar
71:32 Chain Barding Armor
clf730928
2:27 Loom
11:54 Feudal Age
14:21 Double-Bit Axe
17:52 Castle Age
15:48 Stone Mining
15:50 Gold Mining
16:01 Horse Collar
20:06 Fletching
23:42 Wheelbarrow
22:54 Town Watch
27:19 Bloodlines
27:09 Husbandry
33:49 Imperial Age
31:27 Bodkin Arrow
32:02 Bow Saw
32:58 Padded Archer Armor
33:07 Heavy Plow
33:54 Thumb Ring
33:47 Elite Skirmisher
36:09 Cavalier
37:27 Leather Archer Armor
39:34 Ballistics
40:41 Two-Man Saw
42:37 Chemistry
42:57 Stone Shaft Mining
42:36 Masonry
42:21 Murder Holes
45:29 Hand Cart
47:19 Bombard Tower
47:30 Architecture
47:40 Light Cavalry
49:28 Fortified Wall
49:47 Scale Barding Armor
49:53 Forging
49:43 Bracer
50:14 Ring Archer Armor
49:44 Scale Mail Armor
49:51 Hussar
52:50 Chain Barding Armor
53:06 Iron Casting
52:46 Town Patrol
60:55 Conscription
61:11 Hoardings
61:42 Blast Furnace
61:17 Plate Barding Armor
60:58 Chain Mail Armor
68:09 Plate Mail Armor
68:05 Supremacy
67:58 Paladin
Aux Anschluss
8:26 Loom
11:41 Feudal Age
22:05 Castle Age
20:12 Double-Bit Axe
22:48 Crossbowman
23:38 Elite Skirmisher
33:05 Ballistics
50:19 Bow Saw
Chinese Trade Bot
10:40 Feudal Age
15:20 Castle Age
14:20 Double-Bit Axe
14:16 Horse Collar
17:04 Loom
17:10 Loom
18:48 Fletching
19:45 Wheelbarrow
19:27 Bodkin Arrow
19:52 Forging
19:50 Heavy Plow
20:49 Scale Mail Armor
21:06 Stone Mining
23:48 Bow Saw
26:55 Bodkin Arrow
28:04 Chain Mail Armor
28:51 Ballistics
29:39 Iron Casting
31:34 Masonry
31:19 Gold Mining
34:44 Imperial Age
32:30 Yasama
35:03 Hand Cart
36:00 Kataparuto
35:10 Elite Samurai
37:04 Two-Man Saw
36:41 Gold Shaft Mining
36:45 Conscription
36:34 Bracer
37:07 Plate Mail Armor
37:37 Blast Furnace
37:23 Onager
39:13 Chemistry
38:00 Arrowslits
40:12 Bracer
43:21 Padded Archer Armor
43:40 Siege Engineers
44:37 Squires
44:22 Arson
44:23 Gambesons
51:39 Hoardings
61:50 Coinage
67:55 Pikeman
Connection lost

Rejoining the realm…

Still unreachable

The connection could not be restored.

Session expired

The server has moved on; the page needs a fresh start.